 Dungeon Crawl Stone Soup version 0.29-a0-563-g64e4043184 (webtiles) character file.

Game seed: 16409353168225899598

149 spaghetti the Ogre Mage (level 5, -5/45 HPs)
             Began as an Ogre Earth Elementalist on June 12, 2022.
             Was a Believer of Dithmenos.
             Slain by a gnoll
             ... wielding a +0 halberd
              (7 damage)
             ... on level 3 of the Dungeon.
             The game lasted 00:03:33 (2682 turns).

spaghetti the Ogre Mage (Ogre Earth Elementalist)   Turns: 2682, Time: 00:03:34

Health: -5/45      AC:  3    Str: 12    XL:     5   Next: 31%
Magic:  10/11      EV:  9    Int: 18    God:    Dithmenos [**....]
Gold:   172        SH:  0    Dex:  9    Spells: 8/12 levels left

rFire   . . .      SeeInvis .   (no weapon)
rCold   . . .      Faith    .   (no shield)
rNeg    . . .      Spirit   .   a - +0 robe
rPois   .          Reflect  .   (helmet restricted)
rElec   .          Harm     .   (no cloak)
rCorr   .          Rampage  .   (gloves unavailable)
Will    .....                   (boots unavailable)
Stlth   ++........              (no amulet)
HPRegen 0.15/turn               (no ring)
MPRegen 0.12/turn               (no ring)

@: wreathed by umbra
A: large, unfitting armour, tough skin 1
a: Renounce Religion, Shadow Step


You were on level 3 of the Dungeon.
You worshipped Dithmenos.
Dithmenos was pleased with you.
You visited 1 branch of the dungeon, and saw 3 of its levels.

You collected 172 gold pieces.


Innate Abilities, Weirdness & Mutations

You are too large for most types of armour.
You have tough skin. (AC +1)


   Skills:
 - Level 1.7 Dodging
 - Level 1.4 Stealth
 * Level 4.2 Spellcasting
 + Level 0.8 Conjurations
 + Level 2.0 Transmutations
 * Level 3.6 Earth Magic


You had 8 spell levels left.
You knew the following spells:

 Your Spells              Type           Power      Damage    Failure   Level
a - Sandblast             Erth           34%        2d9       3%          1
b - Stone Arrow           Conj/Erth      24%        3d8       17%         3

Your spell library contained the following spells:

 Spells                   Type           Power      Damage    Failure   Level
 Passwall                 Tmut/Erth      11%        N/A       7%          2
 Petrify                  Tmut/Erth      14%        N/A       41%         4

Inventory:

Hand Weapons
 c - a +0 dagger {short}
   (You took it off a goblin on level 1 of the Dungeon)
 e - a +0 dagger {short}
   (You found it on level 1 of the Dungeon)
 f - a +0 dagger {short}
   (You found it on level 1 of the Dungeon)
 j - a +0 dagger {short}
   (You took it off a kobold on level 1 of the Dungeon)
 l - a +0 dagger {short}
   (You took it off a goblin on level 1 of the Dungeon)
 m - a +0 short sword {short}
   (You took it off a kobold on level 1 of the Dungeon)
 r - a +0 short sword {short}
   (You took it off a kobold on level 1 of the Dungeon)
 t - a +0 dagger {short}
   (You took it off a goblin on level 2 of the Dungeon)
 v - a +0 dagger {short}
   (You took it off Jessica on level 2 of the Dungeon)
 w - a +0 dagger {short}
   (You took it off a kobold on level 2 of the Dungeon)
 y - a +0 short sword {short}
   (You took it off Terence on level 2 of the Dungeon)
 A - a +0 club {mace}
   (You took it off a kobold on level 2 of the Dungeon)
 B - a +0 dagger {short}
   (You found it on level 2 of the Dungeon)
 D - a +0 mace {mace}
   (You found it on level 2 of the Dungeon)
Missiles
 g - 8 poisoned darts {throwing}
 p - 84 stones {throwing}
Armour
 a - a +0 robe (worn)
Jewellery
 i - a ring of ice
   (You found it on level 1 of the Dungeon)
Scrolls
 h - a scroll of brand weapon {unknown}
 k - 2 scrolls of identify {unknown}
 n - a scroll of vulnerability {unknown}
 o - 2 scrolls of fog {unknown}
 q - a scroll of summoning {unknown}
 u - a scroll of noise {unknown}
 C - a scroll of amnesia {unknown}
 G - a scroll of blinking {unknown}
Potions
 b - 2 potions of magic
 d - a potion of invisibility {unknown}
 s - a potion of curing {unknown}
 x - a potion of might {unknown}
 z - a potion of brilliance {unknown}
 E - a potion of resistance {unknown}
 F - a potion of mutation {unknown}

Dungeon Overview and Level Annotations

Branches:
Dungeon (3/15)

Altars:
Dithmenos
The Shining One

Shops:
D:2 [(=

Annotations:
D:1 2 transporters
D:2 Natasha

#######
.....(.###########
......)....$......
...............#
.........g.....#
#####....g.##....
######.@# ## ##..#
##.# ..# #..# #...
...# ....


You could see 2 gnolls.


Message History

Key pressed, stopping explore.
Done exploring. 😎 MP[+3]
Your mp is fully restored (11).
Done exploring.
Done exploring.
Done exploring.
Key pressed, stopping explore.
(D) Dungeon
Where to? (Enter - D:2, ? - help)
You see here a +0 robe.
There is a glowing golden altar of the Shining One here.
Natasha, Servant of Life and Death comes into view.
Natasha moves out of view.
There is a stone staircase leading down here.
Unknown command.
Done exploring.
No target in view!
Done exploring.
Done exploring.
Done exploring.
Done exploring.
(D) Dungeon
Where to? (Enter - D:3, ? - help)
You climb downwards.
There is a stone staircase leading up here.
There are monsters nearby!
Unknown command.
Unknown command.
There are monsters nearby!
There are monsters nearby!
A gnoll comes into view. It is wielding a +0 halberd.
The gnoll shouts!
The gnoll barely misses you.
Really attack while wielding nothing? [Y]es or [N]o only, please.
Really attack while wielding nothing? [Y]es or [N]o only, please.
Really attack while wielding nothing? [Y]es or [N]o only, please.
Really attack while wielding nothing? [Y]es or [N]o only, please.
Really attack while wielding nothing? [Y]es or [N]o only, please.
Really attack while wielding nothing? [Y]es or [N]o only, please.
Really attack while wielding nothing? [Y]es or [N]o only, please.
Really attack while wielding nothing? [Y]es or [N]o only, please.
Really attack while wielding nothing? [Y]es or [N]o only, please.
Really attack while wielding nothing? [Y]es or [N]o only, please.
Really attack while wielding nothing? [Y]es or [N]o only, please.
Really attack while wielding nothing? [Y]es or [N]o only, please.
Really attack while wielding nothing?
Okay, then.
Unknown command.
Casting: Sandblast (safe; 3% risk of failure)
Confirm with . or Enter, or press ? or * to list all spells.
Aiming: Sandblast (safe; 3% risk of failure)
Press: ? - help, Shift-Dir - straight line, f - gnoll
Aim: a gnoll, wielding a +0 spear (umbra, 82% to hit)
The blast of sand hits the gnoll!
The gnoll shouts!
The gnoll hits you from afar with a +0 halberd.
The gnoll hits you with a +0 spear! The gnoll hits you with a +0 spear.
The gnoll barely misses you.
The gnoll hits you from afar with a +0 halberd!
* * * LOW HITPOINT WARNING * * *
😨 HP[-26] MP[-1]
You take 26 damage, and now have 19/45 hp.
MASSIVE DAMAGE!! (PAUSE)
You lost 1 mp, and now have 10/11 mp.
Casting: Sandblast (safe; 3% risk of failure)
Confirm with . or Enter, or press ? or * to list all spells.
Aiming: Sandblast (safe; 3% risk of failure)
Press: ? - help, Shift-Dir - straight line, f/p - gnoll
Aim: a gnoll, wielding a +0 spear (almost dead, umbra, 82% to hit)
The blast of sand hits the gnoll.
You kill the gnoll!
Dithmenos accepts your kill.
The gnoll hits you from afar with a +0 halberd!
* * * LOW HITPOINT WARNING * * *
The gnoll barely misses you. x2
The gnoll hits you from afar with a +0 halberd!
* * * LOW HITPOINT WARNING * * *
😱 HP[-17] MP[-1]
You take 17 damage, and now have 2/45 hp.
MASSIVE DAMAGE!! (PAUSE)
You lost 1 mp, and now have 9/11 mp.
Okay, then.
Okay, then.
There is a stone staircase leading up here.
The gnoll barely misses you.
The gnoll hits you from afar with a +0 halberd!
You die...

Skill      XL: |  1  2  3  4 |
---------------+-------------+-----
Transmutations | 1 2 |  2.0
Spellcasting   | 3 4 |  4.2
Earth Magic    | 3 |  3.6
Dodging        | |  1.7
Stealth        | |  1.4
Conjurations   | |  0.8

Action                   |  1- 3 |  4- 6 || total
-------------------------+-------+-------++-------
Melee: Unarmed           |    13 |       ||    13
 Cast: Sandblast         |    45 |    27 ||    72
Armor: Robe              |    21 |    12 ||    33
Dodge: Dodged            |    42 |    43 ||    85

Levels and vault maps discovered:
D:1:      spicycebolla_arrival_transporter_tutorial, layout_basic,
          hellmonk_ecumenical_altar_crossroads, minmay_bisected
D:2:      layout_basic, serial_shops, shop, nicolae_shop_stone,
          nicolae_shop_waterfront, basic_altar, uniq_natasha, uniq_terence,
          uniq_jessica
D:3:      layout_rooms

Notes
Turn   | Place    | Note
-------+----------+-------------------------------------------
     0 | D:1      | spaghetti the Ogre Earth Elementalist began the quest for
                  | the Orb.
     0 | D:1      | Reached XP level 1. HP: 16/16 MP: 3/3
     0 | D:1      | magus.rc [v1.9.6]
    32 | D:1      | Found a faded altar of an unknown god.
    41 | D:1      | Prayed at the altar of an unknown god.
    41 | D:1      | Became a worshipper of Dithmenos the Shadowed
    41 | D:1      | Reached * piety under Dithmenos
   119 | D:1      | Reached skill level 1 in Transmutations
   276 | D:1      | Reached XP level 2. HP: 24/24 MP: 5/5
   740 | D:1      | Reached skill level 3 in Spellcasting
  1420 | D:2      | You pick up a book of Geomancy and begin reading...
  1548 | D:2      | Noticed Jessica
  1551 | D:2      | Killed Jessica
  1552 | D:2      | Reached skill level 3 in Earth Magic
  1552 | D:2      | Reached XP level 3. HP: 31/31 MP: 5/8
  1556 | D:2      | Learned a level 3 spell: Stone Arrow
  1577 | D:2      | Found a glowing golden altar of the Shining One.
  1643 | D:2      | Noticed Natasha
  1648 | D:2      | Killed Natasha
  1648 | D:2      | Reached ** piety under Dithmenos
  1649 | D:2      | Reached XP level 4. HP: 11/39 MP: 6/9
  1887 | D:2      | Noticed Terence
  1897 | D:2      | HP: 8/39 [Terence/+0 short sword (3)]
  1899 | D:2      | Killed Terence
  1900 | D:2      | Reached skill level 4 in Spellcasting
  2143 | D:2      | Found Dayn's Armour Boutique.
  2199 | D:2      | Found Ynejoz's Antique Weapon Shop.
  2256 | D:2      | Found Foeq's Jewellery Shoppe.
  2597 | D:2      | Noticed Natasha
  2602 | D:2      | Killed Natasha
  2603 | D:2      | Reached skill level 2 in Transmutations
  2603 | D:2      | Reached XP level 5. HP: 45/45 MP: 8/11
  2669 | D:2      | Noticed Natasha
  2677 | D:3      | HP: 2/45 [gnoll/+0 halberd (11)]
  2682 | D:3      | Slain by a gnoll

Vanquished Creatures
  Jessica (D:2)
  Terence (D:2)
  Natasha (twice) (D:2)
  A gnoll (D:3)
  A dart slug (D:2)
  2 endoplasms
  3 giant cockroaches
  A hobgoblin (D:1)
  6 jackals
  5 kobolds
  A quokka (D:1)
  2 ball pythons (D:2)
  7 bats
  2 frilled lizards
  3 goblins
  3 rats
41 creatures vanquished.

Table legend:
 A = Non-vault XP
 B = Vault XP
 C = Vault XP percentage of total XP
 D = Non-vault monster count
 E = Vault monster count
 F = Vault count percentage of total count
                 A         B        C        D         E       F
            +---------+---------+-------+---------+---------+-------
      Total |     104 |     109 |  51.2 |      36 |       5 |  12.2
            +---------+---------+-------+---------+---------+-------
        D:1 |      25 |       3 |  10.7 |      17 |       2 |  10.5
        D:2 |      65 |     106 |  62.0 |      18 |       3 |  14.3
        D:3 |      14 |       0 |   0.0 |       1 |       0 |   0.0
            +---------+---------+-------+---------+---------+-------

Illustrated notes

Table legend:
 A = Kills in this place as a percentage of kills in entire the game.
 B = Kills by you in this place as a percentage of kills by you in the entire game.
 C = Kills by friends in this place as a percentage of kills by friends in the entire game.
 D = Other kills in this place as a percentage of other kills in the entire game.
 E = Experience gained in this place as a percentage of experience gained in the entire game.
 F = Experience gained in this place divided by the number of levels of this place that you have seen.
                   A       B       C       D       E      F
               +-------+-------+-------+-------+-------+----------------------
         Total | 100.0 | 100.0 |   N/A |   N/A | 100.0 |  71.0
       Dungeon | 100.0 | 100.0 |   N/A |   N/A | 100.0 |  71.0
               +-------+-------+-------+-------+-------+----------------------

Table legend: (Time is in decaauts)
 A = Elapsed time spent in this place.
 B = Non-inter-level travel time spent in this place.
 C = Inter-level travel time spent in this place.
 D = Time resting spent in this place.
 E = Time spent auto-exploring this place.
 F = Levels seen in this place.
 G = Mean time per level.
                   A        B        C        D        E       F      G
               +--------+--------+--------+--------+--------+-----+--------+
         Total |   2760 |   2706 |     54 |     36 |   2308 |   3 |  920.0 |
       Dungeon |   2760 |   2706 |     54 |     36 |   2308 |   3 |  920.0 |
               +--------+--------+--------+--------+--------+-----+--------+

Top non-repeatable levels by time:
     D:1: 1436 daAuts
     D:2: 1311 daAuts
     D:3: 12 daAuts
